 Dungeon Crawl Stone Soup version 0.26.0-16-gc1dbca0489 (webtiles) character file.

Game seed: 10400225923856192299

234 thiole the Sneak (level 6, -9/36 HPs)
             Began as an Octopode Hedge Wizard on Jan 22, 2021.
             Mangled by an ogre
             ... wielding a cursed -1 giant club
              (27 damage)
             ... on level 4 of the Dungeon.
             The game lasted 00:06:03 (3255 turns).

thiole the Sneak (Octopode Hedge Wizard)            Turns: 3255, Time: 00:06:03

Health: -9/36      AC:  2    Str:  9    XL:     6   Next: 5%
Magic:  2/12       EV: 13    Int: 18    God:
Gold:   183        SH:  0    Dex: 12    Spells: 9/14 levels left

rFire    . . .     SeeInvis .   a - +0 dagger
rCold    . . .     Faith    .   (no shield)
rNeg     . . .     Spirit   .   b - +1 hat
rPois    .         Reflect  .   h - amulet of magic regeneration
rElec    .         Harm     .   (no ring)
rCorr    .         Rampage  .   (no ring)
Will     .....                  (no ring)
Stlth    ++++......             (no ring)
HPRegen  0.12/turn              (no ring)
MPRegen  0.38/turn              (no ring)
                                (no ring)
                                (no ring)

@: no status effects
A: almost no armour, stealthy swim, amphibious, 8 rings, constrict 8, camouflage
1, gelatinous body 1
a: no special abilities


You were on level 4 of the Dungeon.
You visited 1 branch of the dungeon, and saw 4 of its levels.

You collected 183 gold pieces.

Inventory:

Hand Weapons
 a - a +0 dagger (weapon)
 f - a +2 short sword of venom
 k - a +2 dagger of electrocution
Armour
 b - a +1 hat (worn)
Jewellery
 h - an amulet of magic regeneration (around mantle)
 m - an uncursed ring of ice
 p - an uncursed ring of stealth {unknown}
Scrolls
 c - 2 scrolls of identify
 d - 3 scrolls of teleportation
 g - a scroll of magic mapping
 n - a scroll of fear {unknown}
 o - a scroll of blinking {unknown}
 q - a scroll of fog {unknown}
 r - a scroll of remove curse
 s - a scroll of random uselessness {unknown}
Potions
 e - 2 potions of resistance {unknown}
 i - a potion of curing {unknown}
 j - a potion of attraction {unknown}
 l - a potion of berserk rage {unknown}


   Skills:
 - Level 2.0 Dodging
 + Level 5.8 Stealth
 + Level 4.5 Spellcasting
 - Level 2.0 Conjurations
 - Level 2.0 Summonings
 - Level 1.0 Translocations


You had 9 spell levels left.
You knew the following spells:

 Your Spells              Type           Power        Failure   Level
a - Magic Dart            Conj           44%          6%          1
b - Call Imp              Summ           11%          10%         2
c - Slow                  Hex            4%           22%         2

Your spell library contained the following spells:

 Spells                   Type           Power        Failure   Level
 Blink                    Tloc           N/A          14%         2
 Conjure Flame            Conj/Fire      7%           28%         3
 Mephitic Cloud           Conj/Pois/Air  6%           32%         3


Dungeon Overview and Level Annotations

Branches:
Dungeon (4/15)
 Temple: D:4-7

Altars:
Vehumet
The Shining One


Innate Abilities, Weirdness & Mutations

You cannot wear most types of armour.
You are very stealthy in the water. (Stealth+)
You are amphibious.
You can wear up to eight rings at the same time.
You can use your tentacles to constrict eight enemies at once.
Your skin changes colour to match your surroundings (Stealth+).
Your rubbery body absorbs attacks. (AC +1, EV +1)


Message History

Your crimson imp hits the ogre.
Your crimson imp barely misses the ogre.
Casting: Call Imp (safe; 10% risk of failure)
Confirm with . or Enter, or press ? or * to list all spells.
A shadowy apparition takes form in the air.
Your crimson imp hits the ogre.
Casting: Call Imp (safe; 10% risk of failure)
Confirm with . or Enter, or press ? or * to list all spells.
A beastly little devil appears in a puff of frigid air.
The ogre hits you with a cursed -1 giant club!!
Ouch! That really hurt!
Your shadow imp hits the ogre.
Your crimson imp barely misses the ogre.
Your shadow imp hits the ogre.
Your crimson imp hits the ogre.
You barely miss the ogre. You squeeze the ogre!
The ogre is almost dead.
Your crimson imp disappears in a puff of smoke!
The ogre hits you with a cursed -1 giant club!!
Ouch! That really hurt!
You die...

5.. #. .. ##. #.#
##########.# w.
##..........# #.#
######...........##
#.O##.O@...†#...#..#..#
#..#w555...###.###.†..##
#.§.#......#...#..†#..#
#..###........_....###.#
#..# #......#...#..# #..
#.# #.....###.###.# ##.
#.# #......#...#....##.
#.? ##................#
#. #.......####......


You could see an ogre, a worm, a friendly crimson imp (summoned), a friendly
white imp (summoned) and a friendly shadow imp (summoned).

Vanquished Creatures
  A bullfrog (D:3)
  An orc wizard (D:3)
  A hound skeleton (D:4)
  5 adders
  2 worms
  6 leopard geckos
  4 orcs (D:3)
  3 giant cockroaches
  7 goblins
  8 hobgoblins
  3 jackals (D:4)
  7 kobolds
  A ball python (D:1)
  3 bats
  2 frilled lizards
  A quokka skeleton (D:3)
  8 rats
63 creatures vanquished.

Vanquished Creatures (collateral kills)
  A scorpion (D:4)
  4 orcs (D:3)
5 creatures vanquished.

Grand Total: 68 creatures vanquished

Notes
Turn   | Place    | Note
-------+----------+-------------------------------------------
     0 | D:1      | thiole the Octopode Hedge Wizard began the quest for the
                  | Orb.
     0 | D:1      | Reached XP level 1. HP: 11/11 MP: 4/4
   172 | D:1      | Reached XP level 2. HP: 12/17 MP: 4/6
   298 | D:1      | Reached skill level 3 in Stealth
   896 | D:1      | Learned a level 2 spell: Call Imp
   899 | D:1      | Learned a level 2 spell: Slow
  1251 | D:2      | Found a glowing golden altar of the Shining One.
  1271 | D:2      | Reached XP level 3. HP: 21/21 MP: 0/7
  1878 | D:2      | Reached XP level 4. HP: 24/27 MP: 7/9
  2171 | D:2      | Reached skill level 4 in Stealth
  2593 | D:3      | Noticed a bullfrog
  2603 | D:3      | Killed a bullfrog
  2604 | D:3      | Reached XP level 5. HP: 28/31 MP: 3/11
  2643 | D:3      | Reached skill level 5 in Stealth
  3063 | D:4      | Reached XP level 6. HP: 36/36 MP: 8/12
  3171 | D:4      | Found a radiant altar of Vehumet.
  3255 | D:4      | Mangled by an ogre

Illustrated notes

Levels and vault maps discovered:
D:1:      nicolae_arrival_memento_mori, layout_basic
D:2:      layout_basic, tso_altar
D:3:      layout_basic
D:4:      layout_cave_pods, vehumet_crystals, serial_shops, shop, uniq_ijyb

Skill      XL: |  1  2  3  4  5 |
---------------+----------------+-----
Stealth        | 3 4 5 |  5.8
Summonings     | 2 |  2.0
Conjurations   | 2 |  2.0
Spellcasting   | 4 |  4.5
Dodging        | |  2.0
Translocations | |  1.0

Action                   |  1- 3 |  4- 6 || total
-------------------------+-------+-------++-------
Melee: Dagger            |    30 |    43 ||    73
       Constrict         |     7 |    13 ||    20
       Tentacles         |     5 |     9 ||    14
 Cast: Magic Dart        |    70 |    71 ||   141
       Call Imp          |       |    15 ||    15
       Slow              |       |     1 ||     1
  Use: Scroll            |     3 |     3 ||     6
 Stab: Sleeping          |     2 |       ||     2
       Distracted        |       |     1 ||     1
Armor: Skin              |     1 |     7 ||     8
Dodge: Dodged            |    23 |    23 ||    46
